 Dungeon Crawl Stone Soup version 0.28-a0-1312-g71652a0310 (webtiles) character file.

Game seed: 14481308795714914373

142 alasdair19 the Covered (level 5, -2/47 HPs)
             Began as a Minotaur Fighter on Dec 27, 2021.
             Slain by an orc wizard (3 damage)
             ... on level 3 of the Dungeon.
             The game lasted 00:11:47 (3386 turns).

alasdair19 the Covered (Minotaur Fighter)           Turns: 3386, Time: 00:11:47

Health: -2/47      AC:  7    Str: 23    XL:     5   Next: 4%
Magic:  4/4        EV: 10    Int:  5    God:
Gold:   92         SH:  0    Dex:  9    Spells: 4/4 levels left

rFire   . . .      SeeInvis .   a - +0 long sword
rCold   . . .      Faith    .   c - +0 buckler
rNeg    . . .      Spirit   .   b - +0 scale mail
rPois   .          Reflect  .   (helmet restricted)
rElec   .          Harm     .   (no cloak)
rCorr   .          Rampage  .   (no gloves)
Will    .....                   (no boots)
Stlth   ..........              (no amulet)
HPRegen 0.15/turn               (no ring)
MPRegen 0.09/turn               (no ring)

@: confused
A: horns 2, retaliatory headbutt
a: no special abilities


You were on level 3 of the Dungeon.
You visited 1 branch of the dungeon, and saw 3 of its levels.

You collected 92 gold pieces.

Inventory:

Hand Weapons
 a - a +0 long sword (weapon)
 h - a +0 hunting sling
Missiles
 g - 47 sling bullets
Armour
 b - a +0 scale mail (worn)
 c - a +0 buckler (worn)
Scrolls
 d - 3 scrolls of summoning {unknown}
 e - a scroll of holy word {unknown}
 i - 2 scrolls of immolation {unknown}
Potions
 f - a potion of mutation {unknown}


   Skills:
 + Level 4.6 Fighting
 + Level 2.9 Long Blades
 + Level 1.4(1.6) Slings
 + Level 0.6(1.1) Throwing
 + Level 4.8 Armour
 + Level 1.0 Dodging
 + Level 0.1 Stealth
 + Level 4.2 Shields


You had 4 spell levels left.
You didn't know any spells.
Your spell library contained the following spells:

 Spells                   Type           Power      Damage    Failure   Level
 Olgreb's Toxic Radiance  Pois           0%         N/A       100%        4
 Blade Hands              Tmut           0%         N/A       100%        5


Dungeon Overview and Level Annotations

Branches:
Dungeon (3/15)

Altars:
Elyvilon

Shops:
D:1 (


Innate Abilities, Weirdness & Mutations

You have a pair of horns on your head.
You reflexively headbutt those who attack you in melee.


Message History

a +1 short sword of speed; a +0 scale mail You closely miss something.
Something hits you but does no damage.
You slash something! Something hits you but does no damage.
The orc hits you with a +0 whip.
* * * LOW HITPOINT WARNING * * *
You closely miss something. Your headbutt misses something.
Something hits you but does no damage. The orc closely misses you.
You furiously retaliate!
You headbutt the orc. You barely miss something.
Your headbutt misses something. Something hits you.
* * * LOW HITPOINT WARNING * * *
The orc hits you but does no damage. Something hits you but does no damage.
You miss something. You headbutt something. The orc hits you with a +0 whip.
* * * LOW HITPOINT WARNING * * *
Something hits you.
* * * LOW HITPOINT WARNING * * *
Unknown command.
You miss something. The orc hits you with a +0 whip.
* * * LOW HITPOINT WARNING * * *
Something hits you but does no damage. The orc closely misses you.
You miss something. Your headbutt misses something.
You hear some strange, mumbled words.
Something tries to affect you, but you resist.
The orc hits you but does no damage.
You hit something. Something hits you but does no damage.
The orc hits you but does no damage.
Unknown command.
You hit something.
You hear some strange, mumbled words.
You are confused.
The orc hits you with a +0 whip.
* * * LOW HITPOINT WARNING * * *
Something hits you but does no damage.
You bump into the rock wall.
The orc closely misses you. Something hits you.
* * * LOW HITPOINT WARNING * * *
You completely miss something. The orc closely misses you.
You hear some strange, mumbled words.
You are more confused.
The orc hits you but does no damage.
You bump into the rock wall.
Something hits you.
You die...

##### #.#.# #@#.#
#{o.# #.#.#
#.#.##############
#.#...............
#.############<...
#.)...... #....
#........ #....
#)....... #....


You could see an orc.

Vanquished Creatures
  Terence (D:3)
  3 adders
  4 gnolls (D:2)
  A dart slug (D:2)
  3 orcs (D:3)
  3 ball pythons
  6 endoplasms
  A goblin (D:2)
  8 hobgoblins
  3 quokkas
  3 bats
  2 frilled lizards (D:2)
  7 kobolds
  2 rats
47 creatures vanquished.

Notes
Turn   | Place    | Note
-------+----------+-------------------------------------------
     0 | D:1      | alasdair19 the Minotaur Fighter began the quest for the
                  | Orb.
     0 | D:1      | Reached XP level 1. HP: 19/19 MP: 0/0
   160 | D:1      | Reached XP level 2. HP: 25/27 MP: 1/1
   429 | D:1      | Found a faded altar of an unknown god.
   562 | D:1      | Found Ixu Mafeyc's Weapon Boutique.
   710 | D:2      | Reached XP level 3. HP: 22/33 MP: 2/2
  1370 | D:2      | Reached skill level 1 in Dodging
  1767 | D:2      | Reached XP level 4. HP: 38/41 MP: 3/3
  1874 | D:2      | Got the Catalogue of Toxic Transmigration
  1882 | D:2      | Found a white marble altar of Elyvilon.
  3351 | D:3      | Noticed Terence
  3360 | D:3      | Reached skill level 1 in Slings
  3373 | D:3      | Killed Terence
  3374 | D:3      | Reached XP level 5. HP: 11/47 MP: 4/4
  3384 | D:3      | HP: 1/47 [something (2)]
  3386 | D:3      | Slain by an orc wizard

Illustrated notes

Levels and vault maps discovered:
D:1:      giann_forest_graveyard, layout_basic,
          hellmonk_ecumenical_altar_crossroads, serial_shops,
          nicolae_shop_crystal
D:2:      layout_loops_corners, basic_altar, chequers_serial_rivers_micro_b
D:3:      layout_basic, st_stairs_6, uniq_terence

Skill      XL: |  1  2  3  4 |
---------------+-------------+-----
Armour         | 4 |  4.8
Shields        | 4 |  4.2
Fighting       | 4 |  4.6
Dodging        | 1 |  1.0
Slings         | 1 |  1.4
Long Blades    | |  2.9
Throwing       | |  0.6
Stealth        | |  0.1

Action                   |  1- 3 |  4- 6 || total
-------------------------+-------+-------++-------
Melee: Long sword        |    43 |    58 ||   101
       Headbutt          |     3 |     9 ||    12
 Fire: Hunting sling     |     1 |    14 ||    15
Throw: Javelin           |    12 |     6 ||    18
  Use: Potion            |     2 |       ||     2
Armor: Scale mail        |    20 |    37 ||    57
Dodge: Dodged            |    23 |    34 ||    57
Block: Buckler           |    14 |    19 ||    33

Table legend: (Time is in decaauts)
 A = Elapsed time spent in this place.
 B = Non-inter-level travel time spent in this place.
 C = Inter-level travel time spent in this place.
 D = Time resting spent in this place.
 E = Time spent auto-exploring this place.
 F = Levels seen in this place.
 G = Mean time per level.
                   A        B        C        D        E       F      G
               +--------+--------+--------+--------+--------+-----+--------+
         Total |   3418 |   3385 |     33 |    554 |   1590 |   3 | 1139.3 |
       Dungeon |   3418 |   3385 |     33 |    554 |   1590 |   3 | 1139.3 |
               +--------+--------+--------+--------+--------+-----+--------+

Top non-repeatable levels by time:
     D:2: 1898 daAuts
     D:3: 810 daAuts
     D:1: 709 daAuts
